 Dungeon Crawl Stone Soup version 0.25-a0-785-gb22c70e859 (webtiles) character file.

Game seed: 486228642986948140, levelgen mode: deterministic

49 DildoBatman the Magician (level 4, -4/30 HPs)
             Began as a Formicid Wizard on Apr 17, 2020.
             Slain by Sigmund
             ... wielding a +0 scythe
              (15 damage)
             ... on level 2 of the Dungeon.
             The game lasted 00:06:45 (2421 turns).

DildoBatman the Magician (Formicid Wizard)          Turns: 2421, Time: 00:06:45

Health: -4/30      AC:  3    Str: 11    XL:     4   Next: 2%
Magic:  2/8        EV: 12    Int: 19    God:
Gold:   80         SH:  0    Dex:  9    Spells: 2/9 levels left

rFire    . . .     SeeInvis +   p - +0 short sword
rCold    . . .     Gourm    .   (no shield)
rNeg     . . .     Faith    .   a - +0 robe
rPois    .         Spirit   .   (helmet unavailable)
rElec    .         Reflect  .   o - +0 cloak
rCorr    .         Harm     .   (no gloves)
MR       .....                  (no boots)
Stlth    +.........             (no amulet)
HPRegen  0.10/turn              (no ring)
MPRegen  0.11/turn              (no ring)

@: confused, very slightly contaminated
A: permanent stasis, dig shafts and tunnels, four strong arms, antennae 3
a: Dig, Shaft Self


You were on level 2 of the Dungeon.
You were not hungry.

You visited 1 branch of the dungeon, and saw 3 of its levels.

You collected 80 gold pieces.

Inventory:

Hand Weapons
 h - a +0 spear
 p - a +0 short sword (weapon)
Missiles
 c - 43 stones (quivered)
 e - 24 sling bullets
 f - 22 bolts
 k - 33 arrows
Armour
 a - a +0 robe (worn)
 o - a +0 cloak (worn)
Scrolls
 b - 4 scrolls of immolation {unknown}
 d - a scroll of remove curse {unknown}
 i - a scroll of noise {unknown}
 j - 4 scrolls of fear {unknown}
 m - 3 scrolls of identify {unknown}
 n - a scroll of random uselessness {unknown}
Potions
 g - a potion of magic {unknown}
 l - a potion of ambrosia {unknown}
 q - a potion of lignification {unknown}
 r - a potion of mutation {unknown}
 t - a potion of flight {unknown}
 u - 3 potions of curing {unknown}
 w - a potion of heal wounds {unknown}
Comestibles
 s - 3 chunks of flesh
 v - 7 rations


   Skills:
 - Level 1.7 Dodging
 - Level 2.4 Stealth
 - Level 3.2 Spellcasting
 * Level 3.2 Conjurations
   Level 1.0 Summonings
   Level 0.8 Translocations


You had 2 spell levels left.
You knew the following spells:

 Your Spells              Type           Power        Failure   Level  Hunger
a - Conjure Flame         Conj/Fire      #.......     22%         3    ###....
c - Magic Dart            Conj           ###.         4%          1    None
e - Mephitic Cloud        Conj/Pois/Air  #.......     28%         3    ###....

Your spell library contained the following spells:

 Spells                   Type           Power        Failure   Level  Hunger
 Call Imp                 Summ           #.......     16%         2    ##.....
 Slow                     Hex            #.......     22%         2    ##.....
 Blink                    Tloc           Unusable     N/A         2    N/A

Dungeon Overview and Level Annotations

Branches:
Dungeon (3/15)

Altars:
Trog

Annotations:
D:1 exclusion: worm
D:2 Sigmund


Innate Abilities, Weirdness & Mutations

You cannot be hasted, slowed, berserked, paralysed or teleported.
You can dig through walls and to a lower floor.
Your four strong arms can wield two-handed weapons with a shield.
You have a pair of large antennae on your head. (SInv)


Message History

Casting: Mephitic Cloud (slightly dangerous; 28% risk of failure)
Confirm with . or Enter, or press ? or * to list all spells.
Aiming: Mephitic Cloud (slightly dangerous; 28% risk of failure)
Press: ? - help, Shift-Dir - straight line, f/p - Sigmund
Aim: Sigmund, wielding a +0 scythe and wearing a +2 robe That beam is likely to hit you.
Continue anyway?
The ball explodes into a vile cloud!
The stinking cloud engulfs Sigmund but does no damage.
The stinking cloud engulfs you but does no damage.
You are engulfed in noxious fumes.
You choke on the stench!
You are confused.
You are engulfed in noxious fumes.
You choke on the stench!
You are more confused.
Sigmund is engulfed in noxious fumes.
Sigmund appears confused.
Sigmund hits you with a +0 scythe!
Ouch! That really hurt!
You die...

#####
#...###################
#...○@@...............#
#...####.#######.......
##.## #.# #..###.. #.#
#.# #..#.... #.# #.#
#####..#[#.. #.# #.#
#........#.. #.#
##.###...........
#.####.#.##.###..###.#
#..)..###.#.# ##.# #.#


You could see Sigmund (confused).

Vanquished Creatures
  An adder (D:2)
  A worm (D:2)
  3 dart slugs
  A giant cockroach (D:2)
  6 goblins
  A hobgoblin (D:3)
  4 jackals (D:2)
  3 kobolds
  A quokka (D:3)
  4 bats
  5 rats
30 creatures vanquished.

Notes
Turn   | Place    | Note
-------+----------+-------------------------------------------
     0 | D:1      | DildoBatman the Formicid Wizard began the quest for the
                  | Orb.
     0 | D:1      | Reached XP level 1. HP: 13/13 MP: 4/4
    97 | D:1      | Reached skill level 1 in Conjurations
   327 | D:1      | Reached XP level 2. HP: 6/19 MP: 0/6
  1101 | D:2      | Found a bloodstained altar of Trog.
  1449 | D:2      | Reached XP level 3. HP: 23/24 MP: 3/7
  1454 | D:2      | Learned a level 3 spell: Conjure Flame
  1458 | D:2      | Learned a level 3 spell: Mephitic Cloud
  2251 | D:3      | Noticed a necrophage
  2317 | D:3      | Noticed Sigmund
  2360 | D:2      | Reached XP level 4. HP: 27/30 MP: 1/8
  2421 | D:2      | Slain by Sigmund

Levels and vault maps discovered:
D:1:      dpeg_arrival_water_fire, layout_basic, serial_park_tiny_pond,
          minmay_distorted
D:2:      layout_loops_ring, lightli_temple_of_fire
D:3:      layout_loops_ring, gup_sewer_entry_glass, uniq_terence, uniq_sigmund

Skill      XL: |  1  2  3 |
---------------+----------+-----
Conjurations   | 1 2 3 |  3.2
Dodging        | |  1.7
Stealth        | |  2.4
Spellcasting   | |  3.2
Summonings     | |  1.0
Translocations | |  0.8

Action                   |  1- 3 |  4- 6 || total
-------------------------+-------+-------++-------
Melee: Club              |     7 |       ||     7
       Short sword       |    31 |       ||    31
Throw: Stone             |     5 |       ||     5
 Cast: Magic Dart        |    83 |     1 ||    84
       Mephitic Cloud    |     1 |     1 ||     2
 Abil: Dig               |     2 |       ||     2
  Eat: Chunk             |     4 |     1 ||     5
Armor: Robe              |     8 |     1 ||     9
Dodge: Dodged            |    50 |       ||    50

Table legend:
 A = Non-vault XP
 B = Vault XP
 C = Vault XP percentage of total XP
 D = Non-vault monster count
 E = Vault monster count
 F = Vault count percentage of total count
                 A         B        C        D         E       F
            +---------+---------+-------+---------+---------+-------
      Total |      71 |       0 |   0.0 |      30 |       0 |   0.0
            +---------+---------+-------+---------+---------+-------
        D:1 |      21 |       0 |   0.0 |      12 |       0 |   0.0
        D:2 |      39 |       0 |   0.0 |      12 |       0 |   0.0
        D:3 |      11 |       0 |   0.0 |       6 |       0 |   0.0
            +---------+---------+-------+---------+---------+-------
